 Dungeon Crawl Stone Soup version 0.25-a0-1133-g93ebf739aa (webtiles) character file.

Game seed: 3816774492139540321, levelgen mode: deterministic

429 vurker the Ruffian (level 6, -2/51 (52) HPs)
             Began as a Ghoul Warper on May 22, 2020.
             Slain by an orc
             ... wielding a +0 flail
              (4 damage)
             ... on level 4 of the Dungeon.
             The game lasted 00:06:18 (4568 turns).

vurker the Ruffian (Ghoul Warper)                   Turns: 4568, Time: 00:06:19

HP:   -2/51 (52)    AC: 15    Str: 17    XL:     6   Next: 98%
MP:   7/7           EV:  1    Int:  8    God:
Gold: 220           SH:  3    Dex:  8    Spells: 8/8 levels left

rFire    . . .     SeeInvis .     - Unarmed
rCold    + . .     Gourm    .   s - +0 buckler
rNeg     + + +     Faith    .   b - +0 crystal plate armour
rPois    ∞         Spirit   .   (no helmet)
rElec    .         Reflect  .   p - scarf {repulsion}
rCorr    .         Harm     .   (no gloves)
MR       .....                  (no boots)
Stlth    ..........             (no amulet)
HPRegen  0.00/turn              (no ring)
MPRegen  0.10/turn              (no ring)

@: rotting, repel missiles, very slow
A: rotting body, claws 1, carnivore, cold resistance 1, negative energy
resistance 3, inhibited regeneration, torment resistance, unbreathing
a: no special abilities


You were on level 4 of the Dungeon.
You were not hungry.

You visited 1 branch of the dungeon, and saw 4 of its levels.
You also visited: Sewer.

You collected 220 gold pieces.

Inventory:

Missiles
 r - 5 boomerangs of dispersal (quivered)
Armour
 b - a +0 crystal plate armour (worn)
   (You found it on level 4 of the Dungeon)
 p - a scarf of repulsion (worn)
   (You found it on level 4 of the Dungeon)
 s - a +0 buckler (worn)
   (You found it on level 4 of the Dungeon)
Wands
 d - a wand of iceblast (12)
   (You found it on level 4 of the Dungeon)
Scrolls
 c - 2 scrolls of blinking
 f - 4 scrolls of fear {unknown}
 i - 3 scrolls of identify {unknown}
 k - a scroll of enchant armour {unknown}
 l - a scroll of teleportation {unknown}
 q - a scroll of amnesia {unknown}
Potions
 a - a potion of curing {unknown}
 g - 3 potions of magic {unknown}
 h - a potion of degeneration {unknown}
 m - a potion of heal wounds {unknown}
 n - 2 potions of haste {unknown}
 o - a potion of lignification {unknown}
Comestibles
 e - 9 rations


   Skills:
 + Level 3.9 Fighting
 - Level 0.8 Throwing
 + Level 2.7 Armour
 + Level 3.1 Dodging
 + Level 1.2 Shields
 * Level 5.0 Unarmed Combat
 - Level 1.7 Spellcasting
   Level 2.6 Translocations


You had 8 spell levels left.
You didn't know any spells.
Your spell library contained the following spells:

 Spells                   Type           Power        Failure   Level  Hunger
 Blink                    Tloc           N/A          100%        2    ###....
 Shroud of Golubria       Chrm/Tloc      #.....       100%        2    ###....
 Confusing Touch          Hex            #.......     100%        3    ####...
 Gell's Gravitas          Tloc           #.........   100%        3    ####...
 Lesser Beckoning         Tloc           #.........   100%        3    ####...
 Teleport Other           Tloc           #.......     100%        3    ####...
 Passage of Golubria      Tloc           N/A          100%        4    #####..
 Petrify                  Tmut/Erth      #.......     100%        4    #####..
 Metabolic Englaciation   Hex/Ice        #.........   100%        5    ######.
 Yara's Violent Unravell  Hex/Tmut       #.........   100%        5    ######.


Dungeon Overview and Level Annotations

Branches:
Dungeon (4/15)              Sewer (visited)
 Temple: D:4-7

Altars:

Annotations:
D:4 Dowan, Duvessa


Innate Abilities, Weirdness & Mutations

Your body is rotting away.
You thrive on raw meat.
You are immune to poison.
You have sharp fingernails.
You are carnivorous and can eat meat at any time.
Your flesh is cold resistant. (rC+)
You are immune to negative energy. (rN+++)
You do not regenerate when monsters are visible.
You are immune to unholy pain and torment.
You can survive without breathing.


Message History

You resist with some effort.
The orc throws a boomerang.
You block the boomerang.
The weapon returns to the orc!
Your unstable footing causes you to fumble your attack.
You are engulfed in a cloud of scalding steam.
The orc wizard is engulfed in a cloud of scalding steam.
The orc wizard gestures at you while chanting.
The puff of flame hits you but does no damage.
You barely miss the orc wizard.
The orc wizard is engulfed in a cloud of scalding steam.
The orc wizard mumbles some strange words.
The orc wizard flickers and vanishes!
Deactivating autopickup; reactivate with Ctrl-A.
Your unstable footing causes you to fumble your attack.
Something hits you but does no damage.
Your unstable footing causes you to fumble your attack.
You closely miss the orc.
You hear some strange, mumbled words.
A puff of flame appears from out of thin air!
The puff of flame hits you. The orc hits you but does no damage.
Your unstable footing causes you to fumble your attack.
You are engulfed in a cloud of scalding steam.
You hear some strange, mumbled words.
A puff of flame appears from out of thin air!
The puff of flame hits you!
* * * LOW HITPOINT WARNING * * *
You closely miss something.
You are engulfed in a cloud of scalding steam.
The orc hits you but does no damage.
You hear a splashing noise.
Unknown command.
You miss something.
You are engulfed in a cloud of scalding steam.
* * * LOW HITPOINT WARNING * * *
The orc hits you but does no damage. Something hits you but does no damage.
Your unstable footing causes you to fumble your attack.
You are engulfed in a cloud of scalding steam.
* * * LOW HITPOINT WARNING * * *
The orc hits you but does no damage. Something hits you but does no damage.
Okay, then.
Okay, then.
The mass of ice explodes!
The iceblast engulfs something!!
You hear a splash. x2
Reactivating autopickup.
You feel a bit more experienced.
The mass of ice explodes!
The iceblast engulfs the orc.
The orc hits you with a +0 flail.
You die...

...........#.......# .......
......##...#.......# .......
......##...#.......# .?.....
......######.......######.......
......# ..............#.......
......# ..#..#######..#.......
......#.. ..#..#≈≈≈≈≈#..'[o.....
......#.... #..o)≈.≈≈#..#.......
......#....!#..#@≈≈≈≈#..#.......
#######........#######.##.......
######..........# #######
#.....###### #######


You could see an orc.

Vanquished Creatures
  2 bullfrogs (Sewer)
  A hound (D:4)
  2 orc priests (D:4)
  2 orc wizards (D:4)
  An iguana (D:4)
  A worker ant (D:3)
  3 adders
  2 worms
  A dart slug (D:3)
  4 leopard geckos
  6 orcs
  6 ball pythons
  9 giant cockroaches
  8 hobgoblins
  5 bats
  13 frilled lizards
  7 goblins
  15 kobolds
  3 rats
91 creatures vanquished.

Vanquished Creatures (others)
  5 toadstools (D:1)
5 creatures vanquished.

Grand Total: 96 creatures vanquished

Notes
Turn   | Place    | Note
-------+----------+-------------------------------------------
     0 | D:1      | vurker the Ghoul Warper began the quest for the Orb.
     0 | D:1      | Reached XP level 1. HP: 17/17 MP: 2/2
   282 | D:1      | Reached skill level 1 in Armour
   292 | D:1      | Reached XP level 2. HP: 19/25 MP: 3/3
  1295 | D:1      | Reached XP level 3. HP: 29/30 MP: 4/4
  1566 | D:2      | Reached skill level 3 in Unarmed Combat
  2130 | D:2      | Reached XP level 4. HP: 37/37 MP: 5/5
  3331 | D:4      | Reached XP level 5. HP: 30/45 MP: 6/6
  3440 | D:4      | Reached skill level 4 in Unarmed Combat
  3615 | D:4      | Noticed Duvessa
  3615 | D:4      | Noticed Dowan
  3781 | D:4      | Found a glowing drain.
  3801 | D:4      | Reached XP level 6. HP: 51/51 MP: 7/7
  3849 | Sewer    | Entered a sewer
  4222 | Sewer    | Reached skill level 1 in Shields
  4319 | Sewer    | Reached skill level 5 in Unarmed Combat
  4566 | D:4      | HP: 2/51 [something (11)]
  4568 | D:4      | Slain by an orc

Illustrated notes

Levels and vault maps discovered:
D:1:      ldierk_walled_garden, layout_basic, ebering_dispersal_statue_hall
D:2:      layout_loops_ring, first_ration
D:3:      layout_basic
D:4:      layout_gridville, gup_sewer_entry_glass, serial_shops,
          kennysheep_little_box, chequers_serial_rivers_micro_c, hex_large,
          uniq_duvessa, uniq_pikel

Skill      XL: |  1  2  3  4  5  6 |
---------------+-------------------+-----
Armour         | 1 2 |  2.7
Dodging        | 2 3 |  3.1
Unarmed Combat | 3 4 5 |  5.0
Fighting       | 3 |  3.9
Shields        | 1 |  1.2
Throwing       | |  0.8
Spellcasting   | |  1.7
Translocations | |  2.6

Action                   |  1- 3 |  4- 6 || total
-------------------------+-------+-------++-------
Melee: Unarmed           |   160 |   248 ||   408
       Punch             |     1 |     1 ||     2
Evoke: Wand              |       |     2 ||     2
  Eat: Chunk             |     5 |     7 ||    12
Armor: Leather armour    |    25 |       ||    25
       Chain mail        |    29 |    44 ||    73
       Crystal plate arm |       |   142 ||   142
Dodge: Dodged            |    90 |    29 ||   119
       Repelled          |       |     3 ||     3
Block: Buckler           |       |    23 ||    23

Table legend:
 A = Non-vault XP
 B = Vault XP
 C = Vault XP percentage of total XP
 D = Non-vault monster count
 E = Vault monster count
 F = Vault count percentage of total count
                 A         B        C        D         E       F
            +---------+---------+-------+---------+---------+-------
      Total |     374 |     239 |  39.0 |      69 |      22 |  24.2
            +---------+---------+-------+---------+---------+-------
        D:1 |      35 |       0 |   0.0 |      24 |       0 |   0.0
        D:2 |      47 |       0 |   0.0 |      17 |       0 |   0.0
        D:3 |      65 |       0 |   0.0 |      16 |       0 |   0.0
        D:4 |     227 |      17 |   7.0 |      12 |       3 |  20.0
      Sewer |       0 |     222 | 100.0 |       0 |      19 | 100.0
            +---------+---------+-------+---------+---------+-------
